 Dungeon Crawl Stone Soup version 0.23-a0-143-g1adec7b (webtiles) character file.

18312 mopl the Nimble (level 12, -20/94 HPs)
             Began as a Gnoll Gladiator on Sept 3, 2018.
             Was a High Priest of Wu Jian.
             Demolished by a torpor snail (50 damage)
             ... on level 3 of the Lair of Beasts.
             The game lasted 00:32:50 (14850 turns).

mopl the Nimble (Gnoll Gladiator)                  Turns: 14850, Time: 00:32:51

Health: -20/94     AC: 14    Str: 20    XL:     12   Next: 57%
Magic:  22/22      EV: 18    Int: 11    God:    Wu Jian [*****.]
Gold:   1596       SH:  0    Dex: 18    Spells: 22/25 levels left

rFire    . . .     SeeInvis .   a - +2 quarterstaff (chaos)
rCold    . . .     Gourm    .   (shield currently unavailable)
rNeg     . . .     Faith    .   P - +2 ring mail of Objectivity {+Inv rElec MR+}
rPois    +         Spirit   .   U - +1 hat
rElec    +         Reflect  .   W - +0 cloak {+Inv}
rCorr    .         Harm     .   (no gloves)
MR       ++...                  y - +2 pair of boots
Stlth    +++.......             g - amulet of magic regeneration
HPRegen  0.25/turn              k - ring of protection from magic
MPRegen  0.43/turn              I - ring of poison resistance

@: sleeping, slowed
A: distributed training, fangs 1, strong nose
a: Wall Jump, Serpent's Lash, Heavenly Storm, Renounce Religion, Evoke
Invisibility


You were on level 3 of the Lair of Beasts.
You worshipped Wu Jian.
Wu Jian was extremely pleased with you.
You were not hungry.

You visited 2 branches of the dungeon, and saw 12 of its levels.
You also visited: Sewer.

You collected 1694 gold pieces.
You spent 98 gold pieces at shops.

Inventory:

Hand Weapons
 a - a +2 quarterstaff of chaos (weapon)
 b - a +1 spear of venom
Missiles
 d - a throwing net
 h - 12 stones
 i - 27 arrows
 j - 30 bolts
 B - 10 poisoned needles
 E - 11 tomahawks (quivered)
 Y - 16 sling bullets
Armour
 c - a +0 helmet
 y - a +2 pair of boots (worn)
 P - the +2 ring mail of Objectivity (worn) {+Inv rElec MR+}
   (You found it on level 6 of the Dungeon)

   It insulates you from electricity.
   It affects your resistance to hostile enchantments.
   It lets you turn invisible.
 Q - the +11 chain mail of Ziepnil {rF+ rC++ rN+ Slay-3}
   (You found it on level 9 of the Dungeon)

   It affects your accuracy and damage with ranged weapons and melee attacks
   (-3).
   It protects you from fire.
   It greatly protects you from cold.
   It protects you from negative energy.
 U - a +1 hat (worn)
 W - a +0 cloak of invisibility (worn)
 X - the +6 chain mail of Eleplao {-Tele rN+ Dex+7}
   (You found it on level 3 of the Lair of Beasts)

   It affects your dexterity (+7).
   It protects you from negative energy.
   It prevents most forms of teleportation.
Jewellery
 g - an amulet of magic regeneration (around neck)
 k - a ring of protection from magic (left hand)
 I - a ring of poison resistance (right hand)
Wands
 o - a wand of flame (101)
 x - a wand of disintegration (23)
 A - a wand of iceblast (21)
 D - a wand of acid (11)
 J - a wand of digging (26)
 R - a wand of random effects (57)
 Z - a wand of paralysis (18)
Scrolls
 n - 4 scrolls of fog
 q - 7 scrolls of teleportation
 r - 2 scrolls of immolation {unknown}
 u - 3 scrolls of blinking {unknown}
 v - a scroll of noise {unknown}
 w - 7 scrolls of remove curse
 z - 4 scrolls of fear {unknown}
 F - 2 scrolls of magic mapping {unknown}
 G - a scroll of summoning {unknown}
 H - a scroll of brand weapon {unknown}
 L - a scroll of torment {unknown}
 M - a scroll of random uselessness {unknown}
 O - a scroll of enchant armour {unknown}
 T - a scroll of amnesia {unknown}
Potions
 e - a potion of mutation {unknown}
 l - 4 potions of lignification {!q}
 m - 7 potions of curing
 p - a potion of resistance
 s - a potion of berserk rage {!q}
 t - 9 potions of flight
 C - a potion of agility
 K - 3 potions of might
 N - 2 potions of heal wounds
 S - 4 potions of haste
 V - 3 potions of ambrosia
Comestibles
 f - 19 rations


   Skills:
 + Level 8.7 Fighting
 + Level 7.3 Short Blades
 + Level 7.3 Long Blades
 + Level 7.3 Axes
 + Level 7.3 Maces & Flails
 + Level 7.3 Polearms
 + Level 9.8 Staves
 + Level 7.3 Slings
 + Level 7.3 Bows
 + Level 7.3 Crossbows
 + Level 8.7 Throwing
 + Level 7.3 Armour
 + Level 9.8 Dodging
 + Level 7.3 Stealth
 + Level 7.3 Shields
 + Level 7.3 Unarmed Combat
 + Level 7.3 Spellcasting
 + Level 6.0 Conjurations
 + Level 6.0 Hexes
 + Level 6.0 Charms
 + Level 6.0 Summonings
 + Level 6.0 Necromancy
 + Level 6.0 Translocations
 + Level 6.0 Transmutations
 + Level 6.0 Fire Magic
 + Level 6.0 Ice Magic
 + Level 6.0 Air Magic
 + Level 6.0 Earth Magic
 + Level 6.0 Poison Magic
 + Level 8.0 Invocations
 + Level 7.3 Evocations


You had 22 spell levels left.
You knew the following spells:

 Your Spells              Type           Power        Failure   Level  Hunger
a - Apportation           Tloc           ###...       2%          1    None
e - Blink                 Tloc           N/A          3%          2    #......

Your spell library contained the following spells:

 Spells                   Type           Power        Failure   Level  Hunger
 Animate Skeleton         Necr           N/A          2%          1    None
 Confusing Touch          Hex            ###...       2%          1    None
 Magic Dart               Conj           ###.         2%          1    None
 Summon Small Mammal      Summ           ###.         2%          1    None
 Call Imp                 Summ           ###.....     3%          2    #......
 Slow                     Hex            ###.....     3%          2    #......
 Conjure Flame            Conj/Fire      ###.....     7%          3    ###....
 Ignite Poison            Fire/Tmut/Pois ###.....     7%          3    ###....
 Mephitic Cloud           Conj/Pois/Air  ###.....     7%          3    ###....
 Static Discharge         Conj/Air       ###.....     7%          3    ###....
 Fireball                 Conj/Fire      ###.......   52%         5    ######.
 Lightning Bolt           Conj/Air       ###.......   52%         5    ######.
 Bolt of Fire             Conj/Fire      ###.......   98%         6    #######
 Ring of Flames           Chrm/Fire      ###.......   100%        7    #######
 Ignition                 Fire           ###.......   100%        8    #######
 Shatter                  Erth           ###.......   100%        9    #######
 Tornado                  Air            ###.......   100%        9    #######


Dungeon Overview and Level Annotations

Branches:
Dungeon (9/15)             Temple (0/1) D:4            Lair (3/6) D:9
  Swamp: Lair:2-4    Shoals: Lair:2-4     Snake: Lair:2-4    Spider: Lair:2-4
    Orc: D:9-12

Altars:
Ashenzari
Dithmenos
Elyvilon
Gozag
Hepliaklqana
Kikubaaqudgha
Makhleb
Okawaru
Qazlal
Sif Muna
Trog
Uskayaw
Wu Jian
Yredelemnul
Beogh

Shops:
D:7 (   D:9 =


Innate Abilities, Weirdness & Mutations

Your experience applies equally to all skills.
You have very sharp teeth.
Your uncanny sense of smell can sniff out nearby items.


Message History

You hit the torpor snail. You burn the torpor snail.
You bite the torpor snail, but do no damage.
The torpor snail is lightly wounded.
You hit the torpor snail. You freeze the torpor snail.
You bite the torpor snail, but do no damage.
The torpor snail is moderately wounded.
The torpor snail bites you!
* * * LOW HITPOINT WARNING * * *
You sock the torpor snail!
You bite the torpor snail, but do no damage.
The torpor snail is heavily wounded.
The dream sheep shake their wool and sparkle.
You feel drowsy...
You fall asleep.
The torpor snail completely misses you. x2
The torpor snail misses you. The dream sheep barely misses you.
The torpor snail closely misses you. The dream sheep misses you.
The dream sheep barely misses you. The torpor snail bites you!!!
Ouch! That really hurt!
You die...

#...P#..#.###.####...
#
......................
..
#.....................
..
##........>...........
..
#.....................
..
#....................
..
#....................
<.
#.........Y...........
##..P.P.#@#.##...#..#
#.P#.####w.##...#P..
#........Y...........
#....................
#....................
.......†...........
...................
.......†...........
...................


You could see a torpor snail and 2 dream sheep.

Vanquished Creatures
  A hydra (D:9)
  2 two-headed ogres
  Pikel (D:4)
  A lindwurm (Lair:2)
  7 oklob plants (Lair:2)
  An ugly thing (D:9)
  A deep elf mage (D:9)
  A black mamba (Lair:1)
  Maurice (D:8)
  Psyche (D:8)
  2 spiny frogs (Lair:1)
  A rime drake (Lair:1)
  A komodo dragon (Lair:1)
  A troll (D:9)
  A jumping spider (shapeshifter) (Lair:3)
  3 blink frogs (Lair:1)
  A dream sheep (Lair:3)
  3 hippogriffs
  A shadow (D:9)
  11 yaks
  A basilisk (Lair:2)
  A vampire mosquito (D:9)
  Edmund (D:4)
  A soldier ant (D:9)
  4 water moccasins
  3 porcupines
  3 slaves (D:4)
  6 orc warriors
  A sky beast (D:2)
  A necrophage (D:8)
  2 black bears (Lair:1)
  6 ogres
  5 centaurs
  2 phantoms
  2 crocodiles (Lair:2)
  3 big kobolds (Sewer)
  14 bullfrogs
  A gnoll sergeant (D:6)
  4 scorpions
  4 killer bees
  4 jellies
  3 wights
  5 crimson imps
  2 bullfrog zombies (D:9)
  A quasit (D:7)
  A centaur zombie (D:8)
  3 orc priests
  3 hounds
  8 orc wizards
  Crazy Yiuf (D:6)
  2 gnoll shamans (D:8)
  2 bullfrog skeletons (D:6)
  Jessica (D:3)
  Terence (D:2)
  8 worker ants
  Natasha (thrice) (D:3)
  3 iguanas
  A hound zombie (D:7)
  13 gnolls
  15 adders
  A shadow imp (D:5)
  An ooze (Sewer)
  An adder skeleton (D:4)
  5 dart slugs
  5 worms
  8 leopard geckos
  41 orcs
  9 giant cockroaches
  8 goblins
  9 hobgoblins
  12 jackals
  5 quokkas
  3 ball pythons (Sewer)
  10 bats
  8 frilled lizards
  14 kobolds
  A quokka skeleton (D:7)
  14 rats
  7 plants (Lair:2)
349 creatures vanquished.

Vanquished Creatures (others)
  A hound zombie (D:7)
  2 plants (Lair:2)
3 creatures vanquished.

Grand Total: 352 creatures vanquished

Notes
Turn   | Place    | Note
-------+----------+-------------------------------------------
     0 | D:1      | mopl the Gnoll Gladiator began the quest for the Orb.
     0 | D:1      | Reached XP level 1. HP: 20/20 MP: 1/1
    85 | D:1      | Reached XP level 2. HP: 22/26 MP: 2/2
   272 | D:1      | Reached XP level 3. HP: 26/31 MP: 3/3
   767 | D:2      | Reached skill level 1 in Invocations
   809 | D:2      | Noticed Terence
   819 | D:2      | Killed Terence
   819 | D:2      | Reached skill level 1 in Short Blades
   819 | D:2      | Reached skill level 1 in Long Blades
   819 | D:2      | Reached skill level 1 in Axes
   819 | D:2      | Reached skill level 1 in Maces & Flails
   819 | D:2      | Reached skill level 1 in Polearms
   819 | D:2      | Reached skill level 1 in Slings
   819 | D:2      | Reached skill level 1 in Bows
   819 | D:2      | Reached skill level 1 in Crossbows
   819 | D:2      | Reached skill level 1 in Armour
   819 | D:2      | Reached skill level 1 in Stealth
   819 | D:2      | Reached skill level 1 in Shields
   819 | D:2      | Reached skill level 1 in Unarmed Combat
   819 | D:2      | Reached skill level 1 in Spellcasting
   819 | D:2      | Reached skill level 1 in Evocations
   819 | D:2      | Reached XP level 4. HP: 31/38 MP: 5/5
   912 | D:2      | Reached skill level 1 in Conjurations
   912 | D:2      | Reached skill level 1 in Hexes
   912 | D:2      | Reached skill level 1 in Charms
   912 | D:2      | Reached skill level 1 in Summonings
   912 | D:2      | Reached skill level 1 in Necromancy
   912 | D:2      | Reached skill level 1 in Translocations
   912 | D:2      | Reached skill level 1 in Transmutations
   912 | D:2      | Reached skill level 1 in Fire Magic
   912 | D:2      | Reached skill level 1 in Ice Magic
   912 | D:2      | Reached skill level 1 in Air Magic
   912 | D:2      | Reached skill level 1 in Earth Magic
   912 | D:2      | Reached skill level 1 in Poison Magic
  1443 | D:2      | Noticed a sky beast
  1511 | D:2      | Killed a sky beast
  1511 | D:2      | Reached XP level 5. HP: 33/43 MP: 5/7
  1638 | D:3      | Noticed Jessica
  1666 | D:3      | Killed Jessica
  1666 | D:3      | Reached skill level 2 in Invocations
  1666 | D:3      | Reached XP level 6. HP: 35/50 MP: 8/8
  1914 | D:3      | Noticed Natasha
  1921 | D:3      | Killed Natasha
  1983 | D:3      | Found a faded altar of an unknown god.
  2059 | D:3      | Found a stormy altar of Qazlal.
  2060 | D:3      | Found an iron altar of Okawaru.
  2061 | D:3      | Found an opulent altar of Gozag.
  2061 | D:3      | Found an ornate altar of the Wu Jian Council.
  2061 | D:3      | Found a white marble altar of Elyvilon.
  2063 | D:3      | Noticed Natasha
  2077 | D:3      | Killed Natasha
  2077 | D:3      | Reached skill level 5 in Fighting
  2077 | D:3      | Reached skill level 2 in Short Blades
  2077 | D:3      | Reached skill level 2 in Long Blades
  2077 | D:3      | Reached skill level 2 in Axes
  2077 | D:3      | Reached skill level 2 in Maces & Flails
  2077 | D:3      | Reached skill level 2 in Polearms
  2077 | D:3      | Reached skill level 2 in Slings
  2077 | D:3      | Reached skill level 2 in Bows
  2077 | D:3      | Reached skill level 2 in Crossbows
  2077 | D:3      | Reached skill level 5 in Throwing
  2077 | D:3      | Reached skill level 2 in Armour
  2077 | D:3      | Reached skill level 2 in Stealth
  2077 | D:3      | Reached skill level 2 in Shields
  2077 | D:3      | Reached skill level 2 in Unarmed Combat
  2077 | D:3      | Reached skill level 2 in Spellcasting
  2077 | D:3      | Reached skill level 2 in Evocations
  2083 | D:3      | Found an ancient bone altar of Kikubaaqudgha.
  2083 | D:3      | Found a basalt altar of Yredelemnul.
  2084 | D:3      | Found a shattered altar of Ashenzari.
  2089 | D:3      | Became a worshipper of the Wu Jian Council
  2191 | D:3      | Noticed Natasha
  2201 | D:3      | Killed Natasha
  2623 | D:4      | Noticed Edmund
  2662 | D:4      | Killed Edmund
  2662 | D:4      | Reached skill level 7 in Staves
  2662 | D:4      | Reached skill level 7 in Dodging
  2662 | D:4      | Reached XP level 7. HP: 45/56 MP: 10/10
  2744 | D:4      | Got a shimmering flail
  2831 | D:4      | Reached skill level 2 in Conjurations
  2831 | D:4      | Reached skill level 2 in Hexes
  2831 | D:4      | Reached skill level 2 in Charms
  2831 | D:4      | Reached skill level 2 in Summonings
  2831 | D:4      | Reached skill level 2 in Necromancy
  2831 | D:4      | Reached skill level 2 in Translocations
  2831 | D:4      | Reached skill level 2 in Transmutations
  2831 | D:4      | Reached skill level 2 in Fire Magic
  2831 | D:4      | Reached skill level 2 in Ice Magic
  2831 | D:4      | Reached skill level 2 in Air Magic
  2831 | D:4      | Reached skill level 2 in Earth Magic
  2831 | D:4      | Reached skill level 2 in Poison Magic
  2884 | D:4      | Reached * piety under Wu Jian
  2965 | D:4      | Noticed Pikel
  2981 | D:4      | Killed Pikel
  2981 | D:4      | Reached skill level 3 in Short Blades
  2981 | D:4      | Reached skill level 3 in Long Blades
  2981 | D:4      | Reached skill level 3 in Axes
  2981 | D:4      | Reached skill level 3 in Maces & Flails
  2981 | D:4      | Reached skill level 3 in Polearms
  2981 | D:4      | Reached skill level 3 in Slings
  2981 | D:4      | Reached skill level 3 in Bows
  2981 | D:4      | Reached skill level 3 in Crossbows
  2981 | D:4      | Reached skill level 3 in Armour
  2981 | D:4      | Reached skill level 3 in Stealth
  2981 | D:4      | Reached skill level 3 in Shields
  2981 | D:4      | Reached skill level 3 in Unarmed Combat
  2981 | D:4      | Reached skill level 3 in Spellcasting
  2981 | D:4      | Reached skill level 3 in Invocations
  2981 | D:4      | Reached skill level 3 in Evocations
  2981 | D:4      | Reached XP level 8. HP: 57/63 MP: 10/12
  3089 | D:4      | Found a glowing drain.
  3119 | Sewer    | Entered a sewer
  3531 | D:4      | Found a staircase to the Ecumenical Temple.
  3891 | D:5      | Entered Level 5 of the Dungeon
  4001 | D:5      | Reached ** piety under Wu Jian
  4063 | D:5      | Reached skill level 3 in Conjurations
  4063 | D:5      | Reached skill level 3 in Hexes
  4063 | D:5      | Reached skill level 3 in Charms
  4063 | D:5      | Reached skill level 3 in Summonings
  4063 | D:5      | Reached skill level 3 in Necromancy
  4063 | D:5      | Reached skill level 3 in Translocations
  4063 | D:5      | Reached skill level 3 in Transmutations
  4063 | D:5      | Reached skill level 3 in Fire Magic
  4063 | D:5      | Reached skill level 3 in Ice Magic
  4063 | D:5      | Reached skill level 3 in Air Magic
  4063 | D:5      | Reached skill level 3 in Earth Magic
  4063 | D:5      | Reached skill level 3 in Poison Magic
  4063 | D:5      | Reached skill level 4 in Invocations
  4179 | D:5      | Found a burning altar of Makhleb.
  4179 | D:5      | Noticed an Executioner
  4182 | D:5      | Noticed an orange demon
  4182 | D:5      | Noticed a ynoxinul
  4236 | D:5      | Reached XP level 9. HP: 61/69 MP: 14/14
  4360 | D:5      | Reached skill level 6 in Fighting
  4360 | D:5      | Reached skill level 6 in Throwing
  4414 | D:5      | Found a shadowy altar of Dithmenos.
  4973 | D:6      | Reached skill level 4 in Short Blades
  4973 | D:6      | Reached skill level 4 in Long Blades
  4973 | D:6      | Reached skill level 4 in Axes
  4973 | D:6      | Reached skill level 4 in Maces & Flails
  4973 | D:6      | Reached skill level 4 in Polearms
  4973 | D:6      | Reached skill level 4 in Slings
  4973 | D:6      | Reached skill level 4 in Bows
  4973 | D:6      | Reached skill level 4 in Crossbows
  4973 | D:6      | Reached skill level 4 in Armour
  4973 | D:6      | Reached skill level 4 in Stealth
  4973 | D:6      | Reached skill level 4 in Shields
  4973 | D:6      | Reached skill level 4 in Unarmed Combat
  4973 | D:6      | Reached skill level 4 in Spellcasting
  4973 | D:6      | Reached skill level 4 in Evocations
  5196 | D:6      | Found a hide-covered altar of Uskayaw.
  5373 | D:6      | Got a translucent ring mail
  5384 | D:6      | Identified the +2 ring mail of Objectivity {+Inv rElec MR+}
                  | (You found it on level 6 of the Dungeon)
  5529 | D:6      | Found a runed door.
  5535 | D:6      | Noticed Crazy Yiuf
  5543 | D:6      | Killed Crazy Yiuf
  5664 | D:7      | Found Gazag's Weapon Shop.
  6023 | D:7      | Reached skill level 8 in Staves
  6023 | D:7      | Reached skill level 8 in Dodging
  6251 | D:7      | Reached skill level 5 in Invocations
  6579 | D:8      | Found a bloodstained altar of Trog.
  6721 | D:8      | Reached *** piety under Wu Jian
  6850 | D:8      | Reached XP level 10. HP: 54/77 MP: 17/17
  7135 | D:8      | Found a shattered altar of Ashenzari.
  7188 | D:8      | Reached skill level 4 in Conjurations
  7188 | D:8      | Reached skill level 4 in Hexes
  7188 | D:8      | Reached skill level 4 in Charms
  7188 | D:8      | Reached skill level 4 in Summonings
  7188 | D:8      | Reached skill level 4 in Necromancy
  7188 | D:8      | Reached skill level 4 in Translocations
  7188 | D:8      | Reached skill level 4 in Transmutations
  7188 | D:8      | Reached skill level 4 in Fire Magic
  7188 | D:8      | Reached skill level 4 in Ice Magic
  7188 | D:8      | Reached skill level 4 in Air Magic
  7188 | D:8      | Reached skill level 4 in Earth Magic
  7188 | D:8      | Reached skill level 4 in Poison Magic
  7224 | D:8      | Found a deep blue altar of Sif Muna.
  7224 | D:8      | Noticed Maurice
  7233 | D:8      | Killed Maurice
  7299 | D:8      | Noticed Psyche
  7309 | D:8      | Killed Psyche
  7309 | D:8      | Reached skill level 5 in Short Blades
  7309 | D:8      | Reached skill level 5 in Long Blades
  7309 | D:8      | Reached skill level 5 in Axes
  7309 | D:8      | Reached skill level 5 in Maces & Flails
  7309 | D:8      | Reached skill level 5 in Polearms
  7309 | D:8      | Reached skill level 5 in Slings
  7309 | D:8      | Reached skill level 5 in Bows
  7309 | D:8      | Reached skill level 5 in Crossbows
  7309 | D:8      | Reached skill level 5 in Armour
  7309 | D:8      | Reached skill level 5 in Stealth
  7309 | D:8      | Reached skill level 5 in Shields
  7309 | D:8      | Reached skill level 5 in Unarmed Combat
  7309 | D:8      | Reached skill level 5 in Spellcasting
  7309 | D:8      | Reached skill level 5 in Evocations
  7387 | D:8      | Reached **** piety under Wu Jian
  7422 | D:8      | Found a roughly hewn altar of Beogh.
  7682 | D:8      | Reached skill level 7 in Fighting
  7682 | D:8      | Reached skill level 7 in Throwing
  7851 | D:8      | Noticed a two-headed ogre
  7868 | D:8      | Killed a two-headed ogre
  8223 | D:8      | Found a hazy altar of Hepliaklqana.
  8671 | D:9      | Found a staircase to the Lair.
  8694 | D:9      | Reached skill level 6 in Invocations
  8733 | D:9      | Noticed a two-headed ogre
  8744 | D:9      | Noticed a deep elf mage
  8745 | D:9      | Noticed an eight-headed hydra
  8766 | D:9      | Killed a deep elf mage
  8772 | D:9      | Killed an eight-headed hydra
  8772 | D:9      | Reached XP level 11. HP: 40/84 MP: 19/19
  9336 | D:9      | Found Icivian's Jewellery Shop.
  9344 | D:9      | Bought a cursed ring of teleportation for 49 gold pieces
  9344 | D:9      | Bought a cursed ring of attention for 49 gold pieces
  9424 | D:9      | Reached skill level 9 in Staves
  9424 | D:9      | Reached skill level 9 in Dodging
  9451 | D:9      | Reached skill level 6 in Short Blades
  9451 | D:9      | Reached skill level 6 in Long Blades
  9451 | D:9      | Reached skill level 6 in Axes
  9451 | D:9      | Reached skill level 6 in Maces & Flails
  9451 | D:9      | Reached skill level 6 in Polearms
  9451 | D:9      | Reached skill level 6 in Slings
  9451 | D:9      | Reached skill level 6 in Bows
  9451 | D:9      | Reached skill level 6 in Crossbows
  9451 | D:9      | Reached skill level 6 in Armour
  9451 | D:9      | Reached skill level 6 in Stealth
  9451 | D:9      | Reached skill level 6 in Shields
  9451 | D:9      | Reached skill level 6 in Unarmed Combat
  9451 | D:9      | Reached skill level 6 in Spellcasting
  9451 | D:9      | Reached skill level 6 in Evocations
  9485 | D:9      | Reached skill level 5 in Conjurations
  9485 | D:9      | Reached skill level 5 in Hexes
  9485 | D:9      | Reached skill level 5 in Charms
  9485 | D:9      | Reached skill level 5 in Summonings
  9485 | D:9      | Reached skill level 5 in Necromancy
  9485 | D:9      | Reached skill level 5 in Translocations
  9485 | D:9      | Reached skill level 5 in Transmutations
  9485 | D:9      | Reached skill level 5 in Fire Magic
  9485 | D:9      | Reached skill level 5 in Ice Magic
  9485 | D:9      | Reached skill level 5 in Air Magic
  9485 | D:9      | Reached skill level 5 in Earth Magic
  9485 | D:9      | Reached skill level 5 in Poison Magic
  9490 | D:9      | Noticed a white ugly thing
  9510 | D:9      | Killed a purple ugly thing
  9763 | D:9      | Got a fine chain mail
  9774 | D:9      | Identified the +11 chain mail of Ziepnil {rF+ rC++ rN+
                  | Slay-3} (You found it on level 9 of the Dungeon)
  9912 | D:9      | Learned a level 2 spell: Blink
  9914 | D:9      | Learned a level 1 spell: Apportation
  9917 | D:9      | Identified the +9 flail of Zucakede {holy, Str+2} (You
                  | found it on level 4 of the Dungeon)
 10441 | D:9      | Killed a two-headed ogre
 10718 | Lair:1   | Entered Level 1 of the Lair of Beasts
 10872 | Lair:1   | Reached skill level 7 in Invocations
 11156 | Lair:1   | Reached skill level 8 in Fighting
 11156 | Lair:1   | Reached skill level 8 in Throwing
 12159 | Lair:2   | Noticed a lindwurm
 12172 | Lair:2   | Killed a lindwurm
 12172 | Lair:2   | Reached XP level 12. HP: 76/93 MP: 22/22
 12320 | Lair:1   | Reached ***** piety under Wu Jian
 13509 | Lair:2   | Reached skill level 7 in Short Blades
 13509 | Lair:2   | Reached skill level 7 in Long Blades
 13509 | Lair:2   | Reached skill level 7 in Axes
 13509 | Lair:2   | Reached skill level 7 in Maces & Flails
 13509 | Lair:2   | Reached skill level 7 in Polearms
 13509 | Lair:2   | Reached skill level 7 in Slings
 13509 | Lair:2   | Reached skill level 7 in Bows
 13509 | Lair:2   | Reached skill level 7 in Crossbows
 13509 | Lair:2   | Reached skill level 7 in Armour
 13509 | Lair:2   | Reached skill level 7 in Stealth
 13509 | Lair:2   | Reached skill level 7 in Shields
 13509 | Lair:2   | Reached skill level 7 in Unarmed Combat
 13509 | Lair:2   | Reached skill level 7 in Spellcasting
 13509 | Lair:2   | Reached skill level 7 in Evocations
 13874 | Lair:3   | Got a polished chain mail
 13885 | Lair:3   | Identified the +6 chain mail of Eleplao {-Tele rN+ Dex+7}
                  | (You found it on level 3 of the Lair of Beasts)
 14318 | Lair:2   | Reached skill level 6 in Conjurations
 14318 | Lair:2   | Reached skill level 6 in Hexes
 14318 | Lair:2   | Reached skill level 6 in Charms
 14318 | Lair:2   | Reached skill level 6 in Summonings
 14318 | Lair:2   | Reached skill level 6 in Necromancy
 14318 | Lair:2   | Reached skill level 6 in Translocations
 14318 | Lair:2   | Reached skill level 6 in Transmutations
 14318 | Lair:2   | Reached skill level 6 in Fire Magic
 14318 | Lair:2   | Reached skill level 6 in Ice Magic
 14318 | Lair:2   | Reached skill level 6 in Air Magic
 14318 | Lair:2   | Reached skill level 6 in Earth Magic
 14318 | Lair:2   | Reached skill level 6 in Poison Magic
 14813 | Lair:3   | Reached skill level 8 in Invocations
 14850 | Lair:3   | Demolished by a torpor snail

Vault maps used:
D:1:      ncdulo_smallfort, serial_glass, glass_columns_b, glass_columns_b,
          glass_columns_a, glass_columns_b, glass_columns_c, glass_columns_c,
          glass_columns_a, glass_columns_a, eino_curves_04, minmay_misc_feat_iff
D:2:      minmay_small_reverse_x, uniq_terence
D:3:      grunt_temple_overflow_open, chequers_ecumenical_altar_island,
          hangedman_decor_peaks_small, uniq_jessica, uniq_natasha
D:4:      minmay_temple_entry_glassed_door, first_ration, portal_sewer_entry_f,
          grunt_ministairs_13, uniq_pikel, uniq_edmund
D:5:      nicolae_overflow_hidden_temple, makhleb_altar_promises_db
D:6:      eat_drink_and_be_merry_uskayaw, kennysheep_cross_room,
          uniq_crazy_yiuf_cottage
D:7:      serial_shops, kennysheep_mini_moat
D:8:      led_sif_pool, lemuel_round_altar, kennysheep_mini, special_room,
          evilmike_ruin_ashenzari, uniq_maurice, uniq_psyche
D:9:      minmay_the_grid_square_5x5_4x4, lair_entry_dummy, serial_shops, shop
Lair:1:   serial_bayou_ford_a
Lair:2:   minmay_lair_oklob_tunnel, st_stairs_4, serial_bayou_crossing,
          minmay_lair_oklob_chamber
Lair:3:   minmay_swamp_entry_worms
Sewer:    sewer_co_15_rooms

Skill      XL: |  1  2  3  4  5  6  7  8  9 10 11 12 |
---------------+-------------------------------------+-----
Invocations    | 1 2 3 4 5 6 7 8 |  8.0
Short Blades   | 1 2 3 4 5 6 7 |  7.3
Long Blades    | 1 2 3 4 5 6 7 |  7.3
Axes           | 1 2 3 4 5 6 7 |  7.3
Maces & Flails | 1 2 3 4 5 6 7 |  7.3
Polearms       | 1 2 3 4 5 6 7 |  7.3
Slings         | 1 2 3 4 5 6 7 |  7.3
Bows           | 1 2 3 4 5 6 7 |  7.3
Crossbows      | 1 2 3 4 5 6 7 |  7.3
Armour         | 1 2 3 4 5 6 7 |  7.3
Stealth        | 1 2 3 4 5 6 7 |  7.3
Shields        | 1 2 3 4 5 6 7 |  7.3
Unarmed Combat | 1 2 3 4 5 6 7 |  7.3
Spellcasting   | 1 2 3 4 5 6 7 |  7.3
Evocations     | 1 2 3 4 5 6 7 |  7.3
Conjurations   | 1 2 3 4 5 6 |  6.0
Hexes          | 1 2 3 4 5 6 |  6.0
Charms         | 1 2 3 4 5 6 |  6.0
Summonings     | 1 2 3 4 5 6 |  6.0
Necromancy     | 1 2 3 4 5 6 |  6.0
Translocations | 1 2 3 4 5 6 |  6.0
Transmutations | 1 2 3 4 5 6 |  6.0
Fire Magic     | 1 2 3 4 5 6 |  6.0
Ice Magic      | 1 2 3 4 5 6 |  6.0
Air Magic      | 1 2 3 4 5 6 |  6.0
Earth Magic    | 1 2 3 4 5 6 |  6.0
Poison Magic   | 1 2 3 4 5 6 |  6.0
Fighting       | 5 6 7 8 |  8.7
Throwing       | 5 6 7 8 |  8.7
Staves         | 7 8 9 |  9.8
Dodging        | 7 8 9 |  9.8

Action                   |  1- 3 |  4- 6 |  7- 9 | 10-12 || total
-------------------------+-------+-------+-------+-------++-------
Melee: Quarterstaff      |    93 |   214 |   317 |   540 ||  1164
       Bite              |     8 |    29 |    58 |   160 ||   255
       Spear             |       |       |   167 |   294 ||   461
       Punch             |       |       |     4 |    10 ||    14
 Fire: Arbalest          |       |       |       |     4 ||     4
Throw: Throwing net      |       |     2 |       |     1 ||     3
Invok: Lunge             |       |     3 |    28 |    33 ||    64
       Wall Jump         |       |       |     4 |    11 ||    15
       Whirlwind         |       |       |     8 |    79 ||    87
 Abil: Evoke Invisibilit |       |       |     1 |    11 ||    12
       Wall Jump         |       |       |       |     1 ||     1
Evoke: Wand              |       |       |       |     7 ||     7
  Use: Scroll            |     2 |     3 |     4 |     7 ||    16
       Potion            |       |       |     2 |     2 ||     4
 Stab: Held in net/web   |       |     5 |       |       ||     5
       Invisible         |       |       |     2 |    27 ||    29
       Sleeping          |       |       |     2 |     7 ||     9
       Distracted        |       |       |     1 |     1 ||     2
       Confused          |       |       |     1 |     1 ||     2
       Paralysed         |       |       |       |     5 ||     5
       Petrified         |       |       |       |     3 ||     3
       Petrifying        |       |       |       |     3 ||     3
  Eat: Chunk             |       |     6 |    14 |    25 ||    45
       Ration            |       |       |       |     2 ||     2
Armor: Leather armour    |    12 |       |       |       ||    12
       Ring mail         |     7 |     1 |    50 |   158 ||   216
       Scale mail        |       |    74 |       |       ||    74
       Chain mail        |       |       |   124 |       ||   124
Dodge: Dodged            |    68 |   132 |   258 |   426 ||   884

Table legend:
 A = Non-vault XP
 B = Vault XP
 C = Vault XP percentage of total XP
 D = Non-vault monster count
 E = Vault monster count
 F = Vault count percentage of total count
                 A         B        C        D         E       F
            +---------+---------+-------+---------+---------+-------
      Total |   14824 |   11336 |  43.3 |     241 |      99 |  29.1
            +---------+---------+-------+---------+---------+-------
        D:1 |      49 |       0 |   0.0 |      30 |       0 |   0.0
        D:2 |     198 |      47 |  19.2 |      20 |       5 |  20.0
        D:3 |     155 |      72 |  31.7 |      35 |       2 |   5.4
        D:4 |     343 |     847 |  71.2 |      17 |       7 |  29.2
        D:5 |     390 |       0 |   0.0 |      13 |       0 |   0.0
        D:6 |     897 |      41 |   4.4 |      21 |       1 |   4.5
        D:7 |     853 |     129 |  13.1 |      17 |       1 |   5.6
        D:8 |    2129 |    1205 |  36.1 |      37 |      25 |  40.3
        D:9 |     692 |    5015 |  87.9 |      10 |      27 |  73.0
     Lair:1 |    5111 |       0 |   0.0 |      23 |       0 |   0.0
     Lair:2 |    2144 |    3604 |  62.7 |       8 |       9 |  52.9
     Lair:3 |    1863 |       0 |   0.0 |      10 |       0 |   0.0
      Sewer |       0 |     376 | 100.0 |       0 |      22 | 100.0
            +---------+---------+-------+---------+---------+-------
